 Dungeon Crawl Stone Soup version 0.31-a0-237-g2d982f9f85 (webtiles) character file.

Game seed: 16511759354812107392

23279 qw the Marksgargoyle (level 13, -6/82 HPs)
             Began as a Gargoyle Hexslinger on July 11, 2023.
             Was an Elder of Okawaru.
             Mangled by a komodo dragon (10 damage)
             ... on level 4 of the Lair of Beasts.
             The game lasted 00:05:28 (12045 turns).

qw the Marksgargoyle (Gargoyle Hexslinger)         Turns: 12045, Time: 00:05:29

Health: -6/82      AC: 31    Str: 13    XL:     13   Next: 5%
Magic:  20/20      EV: 19    Int: 18    God:    Okawaru [****..]
Gold:   671        SH:  0    Dex: 22    Spells: 13/14 levels left

rFire   . . .        Y - +1 arbalest
rCold   + + +        (shield currently unavailable)
rNeg    + . .        n - +2 ring mail {rF+}
rPois   inf          (helmet restricted)
rElec   +            (no cloak)
rCorr   .            m - +4 pair of gloves of Xeum {rElec rF- rC+++ Int+4}
SInv    .            k - +2 pair of boots
Will    .....        g - amulet of the acrobat
Stlth   +++          r - +6 ring of dexterity
HPRegen 0.33/turn    o - +4 ring of protection
MPRegen 0.17/turn

%: acrobat, clarity
@: heroic
A: sickness immunity, AC +9, negative energy resistance 1, electricity
resistance, torment resistance 1, petrification resistance, horns 1, clarity,
cold resistance 1, sturdy frame 1
a: Renounce Religion, Heroism, Finesse


You were on level 4 of the Lair of Beasts.
You worshipped Okawaru.
Okawaru was greatly pleased with you.
You visited 2 branches of the dungeon, and saw 14 of its levels.

You collected 923 gold pieces.
You spent 252 gold pieces at shops.


Innate Abilities, Weirdness & Mutations

You are immune to sickness and miasma.
Your stone body is resilient. (AC +9)
You are immune to poison.
You resist negative energy. (rN+)
You are resistant to electric shocks. (rElec)
You are resistant to unholy torment.
You are immune to petrification.
You have a pair of small horns on your head.
You possess an exceptional clarity of mind.
Your flesh is cold resistant. (rC+)
Your movements are slightly less encumbered by armour. (ER -2)


   Skills:
 - Level 10.0(15.0) Fighting
 + Level 15.7(20.7) Ranged Weapons
 - Level 5.0(10.0) Armour
 - Level 5.0(10.0) Dodging
 - Level 1.0 Spellcasting
 - Level 2.6 Hexes
 - Level 10.0 Invocations


You had 13 spell levels left.
You knew the following spells:

 Your Spells              Type           Power      Damage    Failure   Level
a - Slow                  Hex            40%        N/A       9%          1

Your spell library contained the following spells:

 Spells                   Type           Power      Damage    Failure   Level
 Inner Flame              Hex/Fire       5%         N/A       43%         3
 Portal Projectile        Hex/Tloc       10%        N/A       43%         3
 Cause Fear               Hex            5%         N/A       65%         4

Inventory:

Hand Weapons
 Y - a +1 arbalest (weapon)
Armour
 b - a +0 pair of gloves
 k - a +2 pair of boots (worn)
 m - the +4 pair of gloves of Xeum (worn) {rElec rF- rC+++ Int+4}
   (You found it on level 3 of the Dungeon)

   Int:       It affects your intelligence (+4).
   rF:        It makes you vulnerable to fire.
   rC:        It renders you almost immune to cold.
   rElec:     It insulates you from electricity.
 n - a +2 ring mail of fire resistance (worn)
 t - the +0 ring mail of the Wilderness {rPois Regen+ Int+2}
   (You found it on level 7 of the Dungeon)

   Int:       It affects your intelligence (+2).
   rPois:     It protects you from poison.
   Regen:     It increases your rate of health regeneration.
Jewellery
 g - an amulet of the acrobat (around neck)
 i - a ring of fire
 o - a +4 ring of protection (right hand)
 r - a +6 ring of dexterity (left hand)
Wands
 s - a wand of digging (4)
Scrolls
 c - 7 scrolls of identify
 e - 4 scrolls of teleportation
 u - 3 scrolls of enchant armour
Potions
 a - a potion of heal wounds
 d - 4 potions of curing
 f - 5 potions of haste
 h - 2 potions of might
 j - 2 potions of mutation
 l - 2 potions of enlightenment
 p - a potion of resistance
 q - a potion of cancellation

Dungeon Overview and Level Annotations

Branches:
Dungeon (9/15)             Temple (0/1) D:7            Lair (5/5) D:9
 Shoals (0/4) Lair:2       Spider (0/4) Lair:3
  Slime: Lair:4-5       Orc: D:9-12

Altars:
Ashenzari
Dithmenos
Elyvilon
Fedhas
Nemelex Xobeh
Okawaru
Qazlal
Ru
Sif Muna
Trog
Vehumet
Xom
Yredelemnul
The Shining One

Shops:
D:7 *

Annotations:
D:3 2 runed translucent doors
D:6 1 runed translucent door


Message History

Enter note:
Enter note:
Enter note:
Enter note:
Enter note:
Enter note:
Enter note:
Enter note:
Enter note:
Enter note:
Enter note:
Enter note:
Enter note:
Enter note:
Enter note:
Enter note:
Enter note:
Enter note: You shoot a bolt.
The bolt closely misses the skyshark.
The wolf bites you but does no damage. The wolf bites you!
The wolf closely misses you. The blink frog misses you.
The wolf completely misses you. The wolf misses you.
The skyshark misses you. x3
The blink frog closely misses you. The wolf closely misses you.
The komodo dragon bites you!
You shoot a bolt. The bolt hits the skyshark!
The skyshark is moderately wounded.
The wolf bites you but does no damage. The wolf misses you.
The wolf barely misses you.
The blink frog hits you but does no damage.
The skyshark misses you.
The skyshark tail-slaps you but does no damage. x2
The wolf bites you but does no damage. The wolf misses you.
The komodo dragon misses you. The wolf misses you. The blink frog hits you.
You shoot a bolt. The bolt hits the skyshark!!
The skyshark is severely wounded.
The wolf bites you but does no damage. The wolf misses you.
The wolf bites you but does no damage. The skyshark bites you!
The skyshark misses you. The skyshark tail-slaps you. The blink frog hits you.
The komodo dragon bites you!
You die...

#..........##.......
#P.###.....###....#.
#..######### #...###
##.##.# ##.....#
##...#.#######P......
#.#..................
###..................
##..F................
#..h@h....##......###
#..hll#..#..#.....##.
##P...%....#......##.
##...#....##......#.
#...##....#.....##.
#...##.............
##...##...#P........
#....#####.......###
##...#.####......###


You could see a skyshark, a komodo dragon, a blink frog and 3 wolves.

Vanquished Creatures
  A hydra (Lair:2)
  A two-headed ogre (D:6)
  6 elephants (Lair:3)
  6 cane toads
  3 rime drakes
  13 komodo dragons
  A troll (D:9)
  A queen bee (Lair:1)
  A polar bear (Lair:2)
  A hornet (D:9)
  Prince Ribbit (D:7)
  13 blink frogs
  A culicivora (Lair:3)
  5 wyverns
  16 yaks
  2 basilisks
  Grum (D:8)
  2 steam dragons
  7 water moccasins
  5 ice beasts
  3 orc warriors
  2 ogres (D:6)
  4 black bears
  16 wolves
  2 centaurs
  A kobold brigand (D:9)
  A phantom (D:6)
  5 bullfrogs
  4 scorpions
  A gnoll sergeant (D:7)
  7 wights (D:8)
  25 killer bees
  An electric eel (D:7)
  3 howler monkeys
  5 orc priests
  4 hounds
  4 jellies
  20 orc wizards
  2 sleepcaps
  4 adders
  4 gnolls (D:7)
  A shadow imp (D:6)
  3 white imps
  A worm (D:2)
  4 dart slugs
  39 orcs
  7 ball pythons
  7 endoplasms
  A giant cockroach (D:1)
  11 goblins
  7 hobgoblins
  6 jackals
  3 quokkas (D:4)
  7 bats
  2 frilled lizards (D:3)
  A jackal skeleton (D:6)
  13 kobolds
  5 rats
323 creatures vanquished.

Vanquished Creatures (others)
  An orc wizard (D:6)
1 creature vanquished.

Grand Total: 324 creatures vanquished

Notes
Turn   | Place    | Note
-------+----------+-------------------------------------------
     0 | D:1      | qw the Gargoyle Hexslinger began the quest for the Orb.
     0 | D:1      | Reached XP level 1. HP: 12/12 MP: 2/2
     0 | D:1      | 0 ||| qw: Version: 0.3-a-52-g30416fa
     0 | D:1      | 0 ||| qw: Game counter: 5546
     0 | D:1      | 0 ||| qw: Melee chars always use a shield: true
     0 | D:1      | 0 ||| qw: God list: Okawaru
     0 | D:1      | 0 ||| qw: Allow faded altars: false
     0 | D:1      | 0 ||| qw: Do Orc after clearing Dungeon:15 true
     0 | D:1      | 0 ||| qw: Do second Lair branch before Depths: true
     0 | D:1      | 0 ||| qw: Lair rune preference: random
     0 | D:1      | 0 ||| qw: Goals: Normal
     0 | D:1      | 0 ||| PLANNING D:1-11
    88 | D:1      | Reached XP level 2. HP: 11/16 MP: 3/3
   211 | D:1      | Reached skill level 3 in Ranged Weapons
   320 | D:1      | Reached XP level 3. HP: 21/21 MP: 4/4
   530 | D:1      | 530 ||| UPGRADING to amulet of the acrobat.
   535 | D:1      | 535 ||| READING scroll labelled GAOSTE KAOR.
   536 | D:1      | 536 ||| READING 2 scrolls labelled YDDYPPE DIMP.
   541 | D:1      | 541 ||| READING scroll labelled XOBYJA MUHUA.
   542 | D:1      | 542 ||| DROPPING scroll of poison.
   566 | D:2      | 566 ||| STAIRDANCE
   631 | D:2      | Found a radiant altar of Vehumet.
   809 | D:2      | You fall into a shaft and drop 1 floor!
   824 | D:3      | Found a broken altar of Ashenzari.
   824 | D:3      | Found a glowing golden altar of the Shining One.
  1095 | D:3      | Reached XP level 4. HP: 25/26 MP: 5/5
  1182 | D:3      | 1182 ||| UPGRADING to +0 pair of gloves.
  1187 | D:3      | 1187 ||| READING scroll labelled JAADEPL EJEL.
  1188 | D:3      | 1188 ||| READING scroll labelled RAWOCV FEOBEO.
  1189 | D:3      | 1189 ||| READING scroll labelled ZUFUFI CEADI.
  1190 | D:3      | 1190 ||| READING scroll labelled LADAETUICK.
  1191 | D:3      | 1191 ||| DRINKING 2 lumpy emerald potions.
  1192 | D:3      | 1192 ||| DROPPING potion of invisibility.
  1419 | D:2      | 1419 ||| UPGRADING to +0 leather armour.
  1429 | D:2      | 1429 ||| DROPPING +0 robe.
  1430 | D:2      | 1430 ||| READING scroll labelled DOZO NIEWOICU.
  1689 | D:3      | Identified the +4 pair of gloves of Xeum {rElec rF- rC+++
                  | Int+4}
  1705 | D:3      | Found a large runed translucent door.
  1705 | D:3      | Found a large runed translucent door.
  1710 | D:3      | Found a shimmering altar of Xom.
  1711 | D:3      | Identified the ring "Dipnu" {rPois rCorr}
  1743 | D:3      | Reached skill level 4 in Ranged Weapons
  2155 | D:3      | 2155 ||| UPGRADING to +4 pair of gloves of Xeum {rElec rF-
                  | rC+++ Int+4}.
  2165 | D:3      | 2165 ||| UPGRADING to ring "Dipnu" {rPois rCorr}.
  2166 | D:3      | 2166 ||| READING 4 scrolls labelled CIHAHO PACY.
  2167 | D:3      | 2167 ||| READING scroll labelled ETWALA ELAA.
  2186 | D:3      | 2186 ||| DRINKING 3 black potions.
  2187 | D:3      | 2187 ||| DROPPING 3 scrolls of fear.
  2232 | D:4      | Reached XP level 5. HP: 30/30 MP: 6/6
  2236 | D:4      | Reached skill level 5 in Ranged Weapons
  2423 | D:4      | Found a bloodstained altar of Trog.
  2447 | D:4      | Reached skill level 3 in Fighting
  2458 | D:4      | Reached XP level 6. HP: 37/37 MP: 7/7
  2764 | D:4      | Found a shimmering blue altar of Sif Muna.
  2768 | D:4      | Found an iron altar of Okawaru.
  2769 | D:4      | 2769 ||| PLANNING OKAWARU WORSHIP
  2769 | D:4      | 2769 ||| UPGRADING to +0 ring mail.
  2779 | D:4      | 2779 ||| DROPPING +0 leather armour.
  2780 | D:4      | 2780 ||| UPGRADING to +4 ring of protection.
  2781 | D:4      | 2781 ||| DRINKING 2 golden potions.
  2782 | D:4      | 2782 ||| READING 2 scrolls of identify.
  2782 | D:4      | 2782 ||| IDENTIFYING murky amethyst potion
  2783 | D:4      | 2783 ||| DROPPING potion of attraction.
  2789 | D:4      | Found a white marble altar of Elyvilon.
  2790 | D:4      | Became a worshipper of Warmaster Okawaru
  2791 | D:4      | 2791 ||| PLANNING D:1-11
  2818 | D:4      | Found a radiant altar of Vehumet.
  2960 | D:5      | Entered Level 5 of the Dungeon
  3019 | D:5      | Noticed an ice beast
  3032 | D:5      | Killed an ice beast
  3213 | D:5      | Reached skill level 6 in Ranged Weapons
  3213 | D:5      | Reached XP level 7. HP: 26/41 MP: 8/8
  3272 | D:5      | 3272 ||| READING scroll of enchant weapon.
  3272 | D:5      | 3272 ||| ENCHANTING +2 sling of flaming.
  3660 | D:5      | Found a sacrificial altar of Ru.
  3664 | D:5      | 3664 ||| UPGRADING to ring of see invisible.
  3666 | D:5      | 3666 ||| READING scroll labelled WOTOSO VIRCHEETYCW.
  3667 | D:5      | 3667 ||| READING scroll labelled ACLYLE IKHI.
  3668 | D:5      | 3668 ||| READING 2 scrolls of identify.
  3668 | D:5      | 3668 ||| IDENTIFYING emerald potion
  3669 | D:5      | 3669 ||| DROPPING potion of degeneration.
  3770 | D:6      | Reached * piety under Okawaru
  3805 | D:6      | Found a runed translucent door.
  3806 | D:6      | Noticed a human
  3810 | D:6      | Found a basalt altar of Yredelemnul.
  3857 | D:6      | Reached skill level 1 in Invocations
  3920 | D:6      | 3920 ||| INVOKING Heroism.
  3921 | D:6      | 3921 ||| INVOKING Heroism.
  3958 | D:6      | 3958 ||| Stepping ~*~*~tactically~*~*~ (outnumbered).
  3967 | D:6      | Reached skill level 7 in Ranged Weapons
  3967 | D:6      | 3967 ||| INVOKING Heroism.
  3967 | D:6      | HP: 10/43 [centaur/arrow (6)]
  3968 | D:6      | 3968 ||| READING scroll of teleportation.
  4109 | D:6      | Reached XP level 8. HP: 48/48 MP: 9/9
  4144 | D:6      | Noticed a two-headed ogre
  4145 | D:6      | 4145 ||| INVOKING Heroism.
  4157 | D:6      | Killed a two-headed ogre
  4158 | D:6      | Reached skill level 9 in Ranged Weapons
  4391 | D:6      | Reached ** piety under Okawaru
  4412 | D:6      | 4412 ||| INVOKING Heroism.
  4414 | D:6      | Reached skill level 3 in Invocations
  4416 | D:6      | Reached XP level 9. HP: 51/53 MP: 8/11
  4446 | D:6      | 4446 ||| SWAPPING to +0 orcbow.
  4454 | D:6      | 4454 ||| DROPPING +3 sling of flaming.
  4704 | D:6      | Found a blossoming altar of Fedhas.
  4735 | D:6      | 4735 ||| INVOKING Heroism.
  5000 | D:6      | 5000 ||| DRINKING 3 smoky golden potions.
  5001 | D:6      | 5001 ||| DRINKING 2 dark potions.
  5028 | D:6      | 5028 ||| READING 2 scrolls of identify.
  5028 | D:6      | 5028 ||| IDENTIFYING amethyst potion
  5029 | D:6      | 5029 ||| DROPPING potion of lignification.
  5066 | D:7      | 5066 ||| INVOKING Heroism.
  5083 | D:7      | Identified the +6 trident of the Nightcaps {antimagic,
                  | +Blink rF+ Dex+3}
  5107 | D:7      | Identified the +4 short sword "Cemenell" {flame, rPois
                  | Int+3}
  5107 | D:7      | Noticed Prince Ribbit
  5109 | D:7      | 5109 ||| INVOKING Heroism.
  5115 | D:7      | Killed Prince Ribbit
  5116 | D:7      | Reached skill level 6 in Fighting
  5181 | D:7      | 5181 ||| FLEEEEING.
  5182 | D:7      | 5182 ||| FLEEEEING.
  5183 | D:7      | 5183 ||| FLEEEEING.
  5184 | D:7      | 5184 ||| FLEEEEING.
  5185 | D:7      | 5185 ||| FLEEEEING.
  5186 | D:7      | 5186 ||| FLEEEEING.
  5187 | D:7      | 5187 ||| FLEEEEING.
  5188 | D:7      | 5188 ||| FLEEEEING.
  5189 | D:7      | 5189 ||| FLEEEEING.
  5190 | D:7      | 5190 ||| FLEEEEING.
  5191 | D:7      | 5191 ||| FLEEEEING.
  5192 | D:7      | 5192 ||| FLEEEEING.
  5193 | D:7      | 5193 ||| FLEEEEING.
  5194 | D:7      | 5194 ||| STAIRDANCE
  5300 | D:7      | Found a staircase to the Ecumenical Temple.
  5424 | D:7      | Found Bitzono's Gadget Gallery.
  5433 | D:7      | 5433 ||| BUYING wand of digging (4) (252 gold).
  5433 | D:7      | Bought a wand of digging (4) for 252 gold pieces
  5456 | D:7      | 5456 ||| READING scroll of brand weapon.
  5456 | D:7      | 5456 ||| BRANDING +0 orcbow.
  5593 | D:7      | 5593 ||| Stepping ~*~*~tactically~*~*~ (cloud).
  5595 | D:7      | 5595 ||| INVOKING Heroism.
  5600 | D:7      | Reached skill level 10 in Ranged Weapons
  5615 | D:7      | Found a stormy altar of Qazlal.
  5616 | D:7      | Found a shimmering altar of Xom.
  5622 | D:7      | 5622 ||| INVOKING Heroism.
  5707 | D:7      | 5707 ||| INVOKING Heroism.
  5773 | D:7      | Found a sparkling altar of Nemelex Xobeh.
  5846 | D:7      | Identified the +0 ring mail of the Wilderness {rPois Regen+
                  | Int+2}
  5978 | D:7      | 5978 ||| INVOKING Heroism.
  6158 | D:7      | 6158 ||| UPGRADING to +0 ring mail of the Wilderness {rPois
                  | Regen+ Int+2}.
  6168 | D:7      | 6168 ||| DROPPING +0 ring mail.
  6169 | D:7      | 6169 ||| READING scroll labelled DANNIUPTICW.
  6170 | D:7      | 6170 ||| READING 2 scrolls of identify.
  6170 | D:7      | 6170 ||| IDENTIFYING grey potion
  6171 | D:7      | 6171 ||| DROPPING potion of berserk rage.
  6205 | D:8      | 6205 ||| INVOKING Heroism.
  6214 | D:8      | 6214 ||| Stepping ~*~*~tactically~*~*~ (outnumbered).
  6220 | D:8      | 6220 ||| INVOKING Heroism.
  6259 | D:8      | 6259 ||| SWAPPING to +0 arbalest.
  6260 | D:8      | 6260 ||| DROPPING +0 orcbow of flaming.
  6263 | D:8      | 6263 ||| Stepping ~*~*~tactically~*~*~ (outnumbered).
  6265 | D:8      | 6265 ||| Stepping ~*~*~tactically~*~*~ (outnumbered).
  6267 | D:8      | 6267 ||| Stepping ~*~*~tactically~*~*~ (outnumbered).
  6269 | D:8      | 6269 ||| Stepping ~*~*~tactically~*~*~ (outnumbered).
  6493 | D:8      | Reached skill level 11 in Ranged Weapons
  6498 | D:8      | Reached skill level 3 in Armour
  6558 | D:8      | Reached XP level 10. HP: 63/63 MP: 13/13
  6750 | D:8      | Noticed Grum
  6751 | D:8      | 6751 ||| INVOKING Heroism.
  6759 | D:8      | Reached skill level 3 in Dodging
  6763 | D:8      | Killed Grum
  7065 | D:8      | 7065 ||| Stepping ~*~*~tactically~*~*~ (outnumbered).
  7066 | D:8      | 7066 ||| Stepping ~*~*~tactically~*~*~ (outnumbered).
  7556 | D:8      | 7556 ||| DROPPING ring "Dipnu" {rPois rCorr}.
  7557 | D:8      | 7557 ||| UPGRADING to +6 ring of dexterity.
  7559 | D:8      | 7559 ||| DROPPING ring of see invisible.
  7560 | D:8      | 7560 ||| DRINKING 2 purple potions.
  7560 | D:8      | Gained mutation: You expend magic power (3 MP) to
                  | strengthen your wands. [potion of mutation]
  7560 | D:8      | Gained mutation: Potions are less effective at restoring
                  | your health. [potion of mutation]
  7560 | D:8      | Gained mutation: Armour fits poorly on your strangely
                  | shaped body. [potion of mutation]
  7560 | D:8      | Gained mutation: You possess an exceptional clarity of
                  | mind. [potion of mutation]
  7561 | D:8      | 7561 ||| DRINKING potion of mutation.
  7561 | D:8      | Lost mutation: Potions are less effective at restoring your
                  | health. [potion of mutation]
  7561 | D:8      | Lost mutation: You expend magic power (3 MP) to strengthen
                  | your wands. [potion of mutation]
  7561 | D:8      | Lost mutation: Armour fits poorly on your strangely shaped
                  | body. [potion of mutation]
  7561 | D:8      | Gained mutation: Your movements are slightly less
                  | encumbered by armour. (ER -2) [potion of mutation]
  7561 | D:8      | Gained mutation: Your flesh is cold resistant. (rC+)
                  | [potion of mutation]
  7561 | D:8      | Gained mutation: You have a pair of small horns on your
                  | head. [potion of mutation]
  7562 | D:8      | 7562 ||| READING 3 scrolls of identify.
  7562 | D:8      | 7562 ||| IDENTIFYING fuming emerald potion
  7563 | D:8      | 7563 ||| READING 2 scrolls of identify.
  7563 | D:8      | 7563 ||| IDENTIFYING metallic dark potion
  7564 | D:8      | 7564 ||| DROPPING potion of brilliance.
  7602 | D:9      | 7602 ||| INVOKING Heroism.
  7664 | D:9      | Reached skill level 12 in Ranged Weapons
  7669 | D:9      | Reached *** piety under Okawaru
  7691 | D:9      | 7691 ||| FLEEEEING.
  7703 | D:9      | 7703 ||| INVOKING Heroism.
  7746 | D:9      | Found a staircase to the Lair.
  7811 | D:9      | 7811 ||| INVOKING Heroism.
  7895 | D:9      | 7895 ||| INVOKING Heroism.
  7902 | D:9      | Reached skill level 13 in Ranged Weapons
  7903 | D:9      | Reached XP level 11. HP: 68/68 MP: 12/14
  8169 | D:9      | Found a shadowy altar of Dithmenos.
  8174 | D:9      | 8174 ||| READING scroll of enchant weapon.
  8174 | D:9      | 8174 ||| ENCHANTING +0 arbalest.
  8227 | D:9      | 8227 ||| INVOKING Heroism.
  8395 | D:9      | 8395 ||| PLANNING LAIR
  8395 | D:9      | 8395 ||| UPGRADING to +0 pair of boots.
  8400 | D:9      | 8400 ||| READING scroll labelled YRICVE YDEI.
  8401 | D:9      | 8401 ||| READING 4 scrolls of identify.
  8401 | D:9      | 8401 ||| IDENTIFYING bubbling purple potion
  8452 | Lair:1   | Entered Level 1 of the Lair of Beasts
  8482 | Lair:1   | 8482 ||| INVOKING Heroism.
  8585 | Lair:1   | Reached skill level 9 in Fighting
  8593 | Lair:1   | Reached **** piety under Okawaru
  8655 | Lair:1   | You fall into a shaft and drop 1 floor!
  8656 | Lair:2   | 8656 ||| INVOKING Heroism.
  8698 | Lair:2   | 8698 ||| INVOKING Heroism.
  8715 | Lair:2   | Found a staircase to the Shoals.
  8722 | Lair:2   | 8722 ||| INVOKING Heroism.
  8757 | Lair:2   | 8757 ||| INVOKING Heroism.
  8872 | Lair:1   | Reached skill level 14 in Ranged Weapons
  8902 | Lair:1   | 8902 ||| INVOKING Heroism.
  8908 | Lair:1   | Reached skill level 6 in Invocations
  9066 | Lair:1   | 9066 ||| INVOKING Heroism.
  9123 | Lair:1   | 9123 ||| INVOKING Heroism.
  9155 | Lair:1   | 9155 ||| INVOKING Heroism.
  9251 | Lair:1   | Reached XP level 12. HP: 77/77 MP: 17/17
  9380 | Lair:1   | 9380 ||| INVOKING Heroism.
  9599 | Lair:2   | 9599 ||| INVOKING Heroism.
  9631 | Lair:2   | 9631 ||| INVOKING Heroism.
  9720 | Lair:2   | 9720 ||| INVOKING Heroism.
  9757 | Lair:2   | Noticed a seven-headed hydra
  9758 | Lair:2   | 9758 ||| INVOKING Heroism.
  9764 | Lair:2   | Killed a seven-headed hydra
  9765 | Lair:2   | Reached skill level 9 in Invocations
  9876 | Lair:2   | 9876 ||| INVOKING Heroism.
  9969 | Lair:2   | 9969 ||| INVOKING Heroism.
 10230 | Lair:2   | 10230 ||| UPGRADING to +2 ring mail of fire resistance.
 10240 | Lair:2   | 10240 ||| READING 4 scrolls of identify.
 10240 | Lair:2   | 10240 ||| IDENTIFYING cyan potion
 10353 | Lair:3   | 10353 ||| INVOKING Heroism.
 10510 | Lair:3   | 10510 ||| INVOKING Heroism.
 10518 | Lair:3   | HP: 18/77 [elephant (11)]
 10519 | Lair:3   | 10519 ||| READING 3 scrolls of teleportation.
 10520 | Lair:3   | 10520 ||| DRINKING 2 potions of heal wounds.
 10523 | Lair:3   | 10523 ||| DRINKING potion of heal wounds.
 10656 | Lair:3   | Found a hole to the Spider Nest.
 10665 | Lair:3   | 10665 ||| INVOKING Heroism.
 10670 | Lair:3   | Reached skill level 15 in Ranged Weapons
 10692 | Lair:3   | Reached ***** piety under Okawaru
 10857 | Lair:3   | 10857 ||| INVOKING Heroism.
 11400 | Lair:4   | 11400 ||| READING scroll of enchant armour.
 11400 | Lair:4   | 11400 ||| ENCHANTING +0 pair of boots.
 11627 | Lair:4   | Reached XP level 13. HP: 81/82 MP: 20/20
 11633 | Lair:4   | 11633 ||| READING 3 scrolls of enchant armour.
 11633 | Lair:4   | 11633 ||| ENCHANTING +1 pair of boots.
 11699 | Lair:4   | 11699 ||| INVOKING Heroism.
 12032 | Lair:5   | Entered Level 5 of the Lair of Beasts
 12033 | Lair:5   | 12033 ||| INVOKING Heroism.
 12041 | Lair:5   | 12041 ||| STAIRDANCE
 12045 | Lair:4   | HP: 14/82 [skyshark (11)]
 12045 | Lair:4   | HP: 4/82 [blink frog (4)]
 12045 | Lair:4   | Mangled by a komodo dragon

Levels and vault maps discovered:
D:1:      amcnicky_arrival_gap_in_the_tavern_cellar, layout_rooms, st_stairs_4,
          hex_medium
D:2:      layout_rooms, basic_altar
D:3:      due_chaos_kobolds, layout_basic, mainiacjoe_overflow_large_starburst,
          nicolae_hexahallways, chequers_serial_rivers_marsh, chequers_arboretum
D:4:      layout_gridville, mainiacjoe_overflow_brackets,
          nicolae_overflow_macrodata_refinement
D:5:      layout_basic, kennysheep_mini_moat,
          nicolae_concentric_dashed_squares_wild, small_statue_intersection,
          hangedman_decor_growths, chequers_serial_rivers_small_3
D:6:      layout_basic, dk_yredelemnul_ordeal, kennysheep_mini,
          minmay_diced_spiral
D:7:      layout_basic, amcnicky_altar_gilded, nicolae_overflow_squiral,
          minmay_temple_entry_arrows, nicolae_shop_gadgets, uniq_prince_ribbit1
D:8:      layout_layer_cave, minivault_22, uniq_grum
D:9:      layout_roguey, mainiacjoe_overflow_paths, hellmonk_lair_entry_icy
Lair:1:   layout_gridlike, special_room [special_room_bee], grunt_megastairs_3
Lair:2:   layout_big_grid, shoals_dummy_entry, lemuel_fruit_fields,
          grunt_megastairs_5, lemuel_fruit_tree, serial_bayou_shore_b
Lair:3:   layout_hall_layers, hellmonk_spider_entry_life_and_decay
Lair:4:   layout_regular_city, lemuel_fruit_fields
Lair:5:   due_jungle_book, layout_cave_shapes, slime_entry_1, basic_altar,
          chequers_serial_rivers_room_a, grunt_megastairs_2,
          serial_bayou_shore_a

Skill      XL: |  1  2  3  4  5  6  7  8  9 10 11 12 |
---------------+-------------------------------------+-----
Ranged Weapons | 3 4 5 6 7 9 11 13 14 15 | 15.7
Fighting       | 2 3 4 7 8 10 | 10.0
Armour         | 2 3 4 5 |  5.0
Invocations    | 1 3 4 7 10 | 10.0
Dodging        | 2 4 5 |  5.0
Spellcasting   | |  1.0
Hexes          | |  2.6

Action                     |  1- 3 |  4- 6 |  7- 9 | 10-12 | 13-15 || total
---------------------------+-------+-------+-------+-------+-------++-------
   Fire: Sling             |   142 |   170 |   114 |       |       ||   426
         Orcbow            |       |       |   156 |       |       ||   156
         Arbalest          |       |       |    32 |   606 |    28 ||   666
 Invoke: Heroism           |       |       |    13 |    26 |     2 ||    41
    Use: Scroll            |     3 |     8 |     9 |     8 |     1 ||    29
         Potion            |       |     3 |     2 |     4 |       ||     9
 Armour: Robe              |    21 |     1 |       |       |       ||    22
         Leather armour    |       |    12 |       |       |       ||    12
         Ring mail         |       |    47 |   101 |   299 |    27 ||   474
  Dodge: Dodged            |    50 |    65 |    91 |   469 |    69 ||   744

Table legend:
 A = Non-vault XP
 B = Vault XP
 C = Vault XP percentage of total XP
 D = Non-vault monster count
 E = Vault monster count
 F = Vault count percentage of total count
                 A         B        C        D         E       F
            +---------+---------+-------+---------+---------+-------
      Total |   27318 |    5939 |  17.9 |     272 |      52 |  16.0
            +---------+---------+-------+---------+---------+-------
        D:1 |      42 |       4 |   8.7 |      24 |       2 |   7.7
        D:2 |      33 |       0 |   0.0 |      16 |       0 |   0.0
        D:3 |      19 |       0 |   0.0 |      10 |       0 |   0.0
        D:4 |     268 |       0 |   0.0 |      27 |       0 |   0.0
        D:5 |     363 |       0 |   0.0 |       6 |       0 |   0.0
        D:6 |    1462 |     385 |  20.8 |      17 |       7 |  29.2
        D:7 |     867 |     274 |  24.0 |      24 |       1 |   4.0
        D:8 |    1583 |     533 |  25.2 |      36 |       4 |  10.0
        D:9 |    2696 |    1126 |  29.5 |      39 |       7 |  15.2
     Lair:1 |    5365 |    2780 |  34.1 |      24 |      27 |  52.9
     Lair:2 |    7103 |     485 |   6.4 |      27 |       2 |   6.9
     Lair:3 |    5510 |     233 |   4.1 |      15 |       1 |   6.2
     Lair:4 |    2007 |       0 |   0.0 |       7 |       0 |   0.0
     Lair:5 |       0 |     119 | 100.0 |       0 |       1 | 100.0
            +---------+---------+-------+---------+---------+-------
